 Dungeon Crawl Stone Soup version 0.29.1-12-g30fa7ad0bf (webtiles) character file.

Game seed: 3733235428650787281

466 nightchill the Cudgeller (level 6, -6/57 HPs)
             Began as a Minotaur Fighter on Dec 21, 2022.
             Mangled by a gnoll sergeant
             ... wielding a +0 spear
              (16 damage)
             ... on level 5 of the Dungeon.
             The game lasted 00:06:44 (3310 turns).

nightchill the Cudgeller (Minotaur Fighter)         Turns: 3310, Time: 00:06:46

Health: -6/57      AC: -1    Str: 23    XL:     6   Next: 81%
Magic:  5/5        EV:  9    Int:  5    God:
Gold:   180        SH:  9    Dex:  9    Spells: 5/5 levels left

rFire   + . .      SeeInvis .   b - +6 shillelagh "Devastator" {shatter}
rCold   . . .      Faith    .   c - +0 buckler
rNeg    . . .      Spirit   .   n - +0 scale mail
rPois   .          Reflect  +   (helmet restricted)
rElec   .          Harm     .   (no cloak)
rCorr   .          Rampage  .   (no gloves)
Will    .....                   (no boots)
Stlth   ..........              f - amulet of reflection
HPRegen 0.19/turn               u - ring of protection from fire
MPRegen 0.09/turn               (no ring)

@: corroded
A: horns 2, retaliatory headbutt
a: no special abilities


You were on level 5 of the Dungeon.
You visited 1 branch of the dungeon, and saw 5 of its levels.

You collected 180 gold pieces.

Inventory:

Hand Weapons
 a - a +0 flail
 b - the +6 shillelagh "Devastator" (weapon) {shatter}
   (You found it on level 3 of the Dungeon)

   It releases a powerful concussive burst when it strikes, dealing extra damage
   to the target and all other foes adjacent to them.
Missiles
 k - 2 javelins (quivered)
Armour
 c - a +0 buckler (worn)
 n - a +0 scale mail (worn)
 q - an orb of light
Jewellery
 f - an amulet of reflection (around neck)
 u - a ring of protection from fire (left hand)
Wands
 o - a wand of flame (15)
 r - a wand of roots (13)
Scrolls
 e - 2 scrolls of identify
 g - a scroll of fog {unknown}
 l - a scroll of amnesia {unknown}
 m - a scroll of blinking {unknown}
 s - 2 scrolls of teleportation {unknown}
 t - a scroll of poison {unknown}
 y - 3 scrolls of acquirement {unknown}
Potions
 d - 2 potions of might
 h - a potion of lignification
 i - a potion of haste
 j - a potion of degeneration
 p - a potion of heal wounds
 v - a potion of attraction
 w - a potion of curing
 x - a potion of brilliance


   Skills:
 + Level 6.1 Fighting
 * Level 7.4 Maces & Flails
 - Level 3.6 Armour
 - Level 3.6 Shields


You had 5 spell levels left.
You didn't know any spells.
Your spell library contained the following spells:

 Spells                   Type           Power      Damage    Failure   Level
 Foxfire                  Conj/Fire      0%         2x1d4     86%         1
 Conjure Flame            Conj/Fire      0%         6-21      99%         3
 Ignite Poison            Fire/Tmut/Pois 0%         N/A       99%         3
 Inner Flame              Hex/Fire       0%         N/A       99%         3
 Mephitic Cloud           Conj/Pois/Air  0%         N/A       99%         3
 Flame Wave               Conj/Fire      0%         2d4       100%        4
 Freezing Cloud           Conj/Ice/Air   0%         6-21      100%        5


Dungeon Overview and Level Annotations

Branches:
Dungeon (5/15)
 Temple: D:4-7

Altars:
Ashenzari
Ru
Yredelemnul


Innate Abilities, Weirdness & Mutations

You have a pair of horns on your head.
You reflexively headbutt those who attack you in melee.


Message History

Found a robe.
No target in view!
No target in view!
You now have 180 gold pieces (gained 9).
A gnoll sergeant and a jelly come into view.
The jelly quivers.
The jelly hits you. The acid corrodes you!
You are splashed with acid!
You hit the jelly.
Your hands burn!
Your headbutt misses the jelly.
The jelly is lightly wounded.
The jelly hits you but does no damage.
You sock the jelly!
Your hands burn!
You headbutt the jelly, but do no damage.
The jelly is severely wounded.
You block the jelly's attack.
You hit the jelly. The acid corrodes you!
Your hands burn!
The jelly is almost dead.
You block the jelly's attack.
You hit the jelly.
Your hands burn!
You headbutt the jelly, but do no damage.
The jelly is almost dead.
The gnoll sergeant barely misses you. The jelly hits you.
You are splashed with acid!
You hit the jelly.
You kill the jelly!
The gnoll sergeant hits you with a +0 spear!
* * * LOW HITPOINT WARNING * * *
Time to lay down the shillelagh law.
b - the +6 shillelagh "Devastator" (weapon)
{shatter} The gnoll sergeant hits you with a +0 spear!
* * * LOW HITPOINT WARNING * * *
You closely miss the gnoll sergeant. You block the gnoll sergeant's attack.
You hit the gnoll sergeant but do no damage.
The gnoll sergeant closely misses you.
You hit the gnoll sergeant.
The gnoll sergeant shudders.
The gnoll sergeant is moderately wounded.
You headbutt the gnoll sergeant, but do no damage.
The gnoll sergeant is moderately wounded.
You hear a shout!
The gnoll sergeant hits you with a +0 spear!
You die...

##### ### .... ..# ##
###..# #.# #.# ....#
#.#######.#
###..######.#......##
#...<....#....###...#..
.#.#..###........g.....#
......###......#@#.#.#.
##.#.........#.#.#
.....#######...#.# ##.##
#..#[#. #.. #+.#### #.
... #. ...# ..


You could see a gnoll sergeant.

Vanquished Creatures
  An ogre (D:4)
  A phantom (D:4)
  A scorpion (D:4)
  A howler monkey (D:4)
  A jelly (D:5)
  An orc priest (D:4)
  An iguana (D:4)
  An orc wizard (D:3)
  2 adders
  3 dart slugs
  6 orcs
  12 ball pythons
  5 endoplasms
  4 giant cockroaches
  5 goblins
  3 hobgoblins
  12 jackals
  4 kobolds
  2 quokkas
  7 bats
  2 frilled lizards
  2 rats
77 creatures vanquished.

Notes
Turn   | Place    | Note
-------+----------+-------------------------------------------
     0 | D:1      | nightchill the Minotaur Fighter began the quest for the
                  | Orb.
     0 | D:1      | Reached XP level 1. HP: 19/19 MP: 0/0
   115 | D:1      | Reached skill level 3 in Maces & Flails
   179 | D:1      | Reached XP level 2. HP: 27/27 MP: 1/1
   495 | D:1      | Reached XP level 3. HP: 33/33 MP: 2/2
   764 | D:2      | Reached skill level 4 in Maces & Flails
  1483 | D:3      | Reached XP level 4. HP: 38/41 MP: 3/3
  1528 | D:3      | Found the +6 shillelagh "Devastator" {shatter}
  1564 | D:3      | Found a broken altar of Ashenzari.
  1596 | D:3      | Reached skill level 5 in Maces & Flails
  1650 | D:3      | Found a faded altar of an unknown god.
  2025 | D:4      | Found a sacrificial altar of Ru.
  2066 | D:4      | Noticed a phantom
  2074 | D:4      | Killed a phantom
  2075 | D:4      | Reached skill level 5 in Fighting
  2075 | D:4      | Reached XP level 5. HP: 44/48 MP: 4/4
  2141 | D:4      | Reached skill level 6 in Maces & Flails
  2479 | D:4      | Found a basalt altar of Yredelemnul.
  2524 | D:4      | Reached XP level 6. HP: 40/56 MP: 5/5
  3220 | D:4      | Reached skill level 7 in Maces & Flails
  3282 | D:5      | Entered Level 5 of the Dungeon
  3310 | D:5      | Mangled by a gnoll sergeant

Illustrated notes

Levels and vault maps discovered:
D:1:      dpeg_arrival_tiny_h, layout_rooms, nicolae_titane
D:2:      layout_basic
D:3:      layout_rooms, ashenzari_conservatory_becter,
          ebering_ecumenical_altar_mist
D:4:      layout_basic, old_standard_altar, mainiacjoe_overflow_24_doors
D:5:      layout_loops_corners, kennysheep_little_box, minmay_manual_maat,
          uniq_menkaure

Skill      XL: |  1  2  3  4  5  6 |
---------------+-------------------+-----
Maces & Flails | 3 4 5 6 7 |  7.4
Fighting       | 4 5 6 |  6.1
Armour         | |  3.6
Shields        | |  3.6

Action                   |  1- 3 |  4- 6 || total
-------------------------+-------+-------++-------
Melee: Flail             |    80 |    56 ||   136
       Headbutt          |    11 |    11 ||    22
       Shillelagh        |       |    24 ||    24
  Use: Scroll            |       |     7 ||     7
Armor: Scale mail        |    37 |    25 ||    62
Dodge: Dodged            |    40 |    30 ||    70
Block: Buckler           |    16 |    13 ||    29
